 Dungeon Crawl Stone Soup version bcrawl-1.19.2-6-g6a88ae04c9 (webtiles) character file.

Game seed: 9223819458345898072

71 Chiseanne the Skirmisher (level 4, -1/35 HPs)
             Began as a Mummy Archaeologist on Jan 11, 2020.
             Splashed by a jelly's acid (7 damage)
             ... on level 3 of the Dungeon.
             The game lasted 00:02:54 (1572 turns).

Chiseanne the Skirmisher (Mummy Archaeologist)      Turns: 1572, Time: 00:02:55

Health: -1/35      AC:  0    Str: 14    XL:     4   Next: 5%
Magic:  4/4        EV: 11    Int: 13    God:
Gold:   134        SH:  0    Dex: 11    Spells: 3/3 levels left

rFire    . . .     SeeInvis .   a - +1 scimitar
rCold    . . .     Gourm    .   (no shield)
rNeg     + + +     Faith    .   l - +0 ring mail
rPois    ∞         Spirit   .   c - +1 hat
rElec    .         Reflect  .   (no cloak)
rCorr    .         Harm     .   (no gloves)
MR       .....     Clarity  +   d - +1 pair of boots
Stlth    +.........             (no amulet)
HPRegen  0.11/turn              k - ring of fire
MPRegen  0.09/turn              (no ring)

@: corroded, studying Armour
A: no food or potions, fire vulnerability, clarity, cold resistance 1, negative
energy resistance 3, torment resistance, unbreathing
a: no special abilities


You were on level 3 of the Dungeon.
You were not hungry.

You visited 1 branch of the dungeon, and saw 3 of its levels.

You collected 134 gold pieces.

Inventory:

Hand Weapons
 a - a +1 scimitar (weapon)
Missiles
 i - 602 stones (quivered)
 j - 359 arrows
 n - 74 poisoned needles
Armour
 c - a +1 hat (worn)
 d - a +1 pair of boots (worn)
 l - a +0 ring mail (worn)
Jewellery
 k - a ring of fire (left hand)
Scrolls
 b - a scroll of amnesia {unknown}
 g - 2 scrolls of magic mapping {unknown}
 h - 9 scrolls of identify
 m - a scroll of teleportation {unknown}
 o - 2 scrolls of remove curse
 p - a scroll of enchant armour {unknown}
Books
 e - a manual of Armour
Miscellaneous
 f - an ancient crate


   Skills:
 - Level 3.0 Fighting
   Level 0.7 Maces & Flails
 + Level 2.8 Armour
 - Level 2.4 Dodging
 - Level 2.6 Stealth


You had 3 spell levels left.
You didn't know any spells.
Your spell library was empty.

Dungeon Overview and Level Annotations

Branches:
Dungeon (3/12)

Altars:
Qazlal


Innate Abilities, Weirdness & Mutations

You do not eat or drink.
Your flesh is vulnerable to fire.
You are immune to poison.
You possess an exceptional clarity of mind.
Your flesh is cold resistant. (rC+)
You are immune to negative energy. (rN+++)
You are immune to unholy pain and torment.
You can survive without breathing.


Message History

You are too injured to fight recklessly!
You are too injured to fight recklessly!
You are too injured to fight recklessly!
You are too injured to fight recklessly!
You are too injured to fight recklessly!
You are too injured to fight recklessly!
You are too injured to fight recklessly!
You hit the jelly. The acid corrodes you!
Your hands burn!
The jelly is lightly wounded.
The jelly hits you but does no damage.
You completely miss the jelly.
The jelly is lightly wounded.
The jelly misses you.
You slash the jelly! The acid corrodes you!
Your hands burn!
* * * LOW HITPOINT WARNING * * *
The jelly is severely wounded.
The jelly barely misses you. The jelly hits you.
* * * LOW HITPOINT WARNING * * *
You are splashed with acid!
You die...

.# .#
###+#########'##
...............#
.(............#
.............#
#.....)...# ###....#
#...#.@#
###########....(J#
.......†.....###....
##########.#.# #.#..
#.....# #.....#
#.#.........#.#
#######.....##.##..
.. ........###.#
..#.# .. †.....#. ..
...


You could see a jelly.

Vanquished Creatures
  An adder (D:2)
  An ooze (D:3)
  2 worms
  A dart slug (D:2)
  4 leopard geckos
  An orc (D:3)
  A giant cockroach (D:1)
  2 goblins (D:1)
  8 hobgoblins
  5 kobolds
  A quokka (D:1)
  2 ball pythons
  5 bats
  2 frilled lizards
  9 rats
45 creatures vanquished.

Vanquished Creatures (others)
  A kobold (D:2)
1 creature vanquished.

Grand Total: 46 creatures vanquished

Notes
Turn   | Place    | Note
-------+----------+-------------------------------------------
     0 | D:1      | Chiseanne the Mummy Archaeologist began the quest for the
                  | Orb.
     0 | D:1      | Reached XP level 1. HP: 15/15 MP: 1/1
   116 | D:1      | Reached skill level 2 in Fighting
   337 | D:1      | Reached XP level 2. HP: 21/22 MP: 2/2
   867 | D:2      | Reached skill level 3 in Fighting
   890 | D:2      | Reached XP level 3. HP: 27/29 MP: 3/3
   945 | D:2      | Reached skill level 1 in Armour
   955 | D:2      | Found a stormy altar of Qazlal.
  1524 | D:3      | Reached XP level 4. HP: 29/35 MP: 4/4
  1572 | D:3      | Splashed by a jelly's acid

Skill      XL: |  1  2  3 |
---------------+----------+-----
Fighting       | 2 3 |  3.0
Armour         | 2 |  2.8
Maces & Flails | |  0.7
Dodging        | |  2.4
Stealth        | |  2.6

Action                   |  1- 3 |  4- 6 || total
-------------------------+-------+-------++-------
Melee: Whip              |    95 |       ||    95
       Scimitar          |    69 |     6 ||    75
  Use: Scroll            |     3 |       ||     3
 Stab: Sleeping          |     1 |       ||     1
Armor: Robe              |    37 |       ||    37
       Ring mail         |    54 |     3 ||    57
Dodge: Dodged            |   156 |     6 ||   162
